 Dungeon Crawl Stone Soup version 0.29.1-4-g47bece8355 (webtiles) character file.

Game seed: 11184852986539422960

450 javelincjr the Conjurer (level 6, -16/34 HPs)
             Began as a Deep Elf Conjurer on Dec 6, 2022.
             Demolished by an orc warrior
             ... wielding a +0 battleaxe
              (21 damage)
             ... on level 3 of the Dungeon.
             The game lasted 00:21:15 (3962 turns).

javelincjr the Conjurer (Deep Elf Conjurer)         Turns: 3962, Time: 00:21:15

Health: -16/34     AC:  4    Str:  4    XL:     6   Next: 74%
Magic:  2/15       EV: 13    Int: 25    God:
Gold:   139        SH:  0    Dex: 13    Spells: 11/14 levels left

rFire   + . .      SeeInvis .   k - +4 quarterstaff (chaos)
rCold   . . .      Faith    .   (shield currently unavailable)
rNeg    . . .      Spirit   .   a - +0 robe
rPois   +          Reflect  .   e - +0 helmet
rElec   .          Harm     .   l - +0 cloak
rCorr   .          Rampage  .   (no gloves)
Will    .....                   (no boots)
Stlth   +++.......              (no amulet)
HPRegen 0.11/turn               (no ring)
MPRegen 0.14/turn               (no ring)

@: no status effects
A: fire resistance 1, poison resistance
a: no special abilities


You were on level 3 of the Dungeon.
You visited 1 branch of the dungeon, and saw 4 of its levels.

You collected 139 gold pieces.

Inventory:

Hand Weapons
 d - a +0 spear of venom
 k - a +4 quarterstaff of chaos (weapon)
Missiles
 h - 5 atropa-tipped darts
 p - 5 javelins
Armour
 a - a +0 robe (worn)
 e - a +0 helmet (worn)
 l - a +0 cloak (worn)
Scrolls
 f - 2 scrolls of identify
 g - a scroll of teleportation
 m - a scroll of torment {unknown}
 n - a scroll of brand weapon {unknown}
 o - a scroll of vulnerability {unknown}
Potions
 b - a potion of magic
 i - a potion of haste {unknown}
 j - 2 potions of flight {unknown}
 q - a potion of resistance {unknown}


   Skills:
 + Level 1.0 Fighting
 + Level 0.2(0.7) Polearms
 + Level 1.4(1.5) Staves
 + Level 3.9 Dodging
 + Level 4.3 Stealth
 + Level 4.8 Spellcasting
 + Level 6.6 Conjurations


You had 11 spell levels left.
You knew the following spells:

 Your Spells              Type           Power      Damage    Failure   Level
a - Magic Dart            Conj           100%       1d8       1%          1
b - Searing Ray           Conj           78%        2d7       1%          2

Your spell library contained the following spells:

 Spells                   Type           Power      Damage    Failure   Level
 Dazzling Flash           Conj/Hex       44%        N/A       6%          3
 Fulminant Prism          Conj/Hex       11%        3d9       22%         4
 Iskenderun's Mystic Bla  Conj/Tloc      22%        2d6       22%         4
 Cause Fear               Hex            3%         N/A       63%         4
 Dragon Form              Tmut           3%         N/A       100%        7
 Dragon's Call            Summ           3%         N/A       100%        9


Dungeon Overview and Level Annotations

Branches:
Dungeon (4/15)
 Temple: D:4-7

Altars:
Trog
Vehumet
Yredelemnul


Innate Abilities, Weirdness & Mutations

Your flesh is heat resistant. (rF+)
Your system is resistant to poisons. (rPois)


Message History

Aiming: Searing Ray (safe; 1% risk of failure)
Press: ? - help, Shift-Dir - straight line, f - orc warrior
Aim: an orc warrior, wielding a +0 battleaxe and wearing a +0 plate armour (moderately wounded, unable to see you, 81% to hit)
The searing ray hits the orc warrior.
The orc warrior is moderately wounded. (Press . to maintain the ray.)
The searing ray hits the orc warrior.
The orc warrior is heavily wounded.
The searing ray hits the orc warrior but does no damage.
The orc warrior is heavily wounded.
The searing ray hits the orc warrior.
The orc warrior is heavily wounded.
You finish channelling your searing ray.
The orc warrior misses you.
Casting: Searing Ray (safe; 1% risk of failure)
Confirm with . or Enter, or press ? or * to list all spells.
Aiming: Searing Ray (safe; 1% risk of failure)
Press: ? - help, Shift-Dir - straight line, f/p - orc warrior
Aim: an orc warrior, wielding a +0 battleaxe and wearing a +0 plate armour (heavily wounded, unable to see you, 81% to hit)
The searing ray hits the orc warrior.
The orc warrior is heavily wounded. (Press . to maintain the ray.)
The orc warrior barely misses you.
The searing ray hits the orc warrior.
The orc warrior is severely wounded.
The orc warrior misses you.
The searing ray hits the orc warrior.
The orc warrior is severely wounded.
The orc warrior closely misses you.
You flicker for a moment.
You flicker back into view.
The orc warrior attacks as you move away!
The orc warrior hits you with a +0 battleaxe.
* * * LOW HITPOINT WARNING * * *
The orc warrior attacks as you move away!
The orc warrior completely misses you.
The orc warrior attacks as you move away!
The orc warrior hits you with a +0 battleaxe!!
Ouch! That really hurt!
You die...

### ###
######.#
###########.#
.......#
#.....o@....#
.#####.#
#.#########.#
.# #.# #.# #.#
o# #.###.#
#.#### .#
#.....# #....#
.# #######
####.#### .#
#...[# ### .#
#######.####..
.#
#.......##....


You could see an orc warrior.

Vanquished Creatures
  A black bear (D:4)
  An ogre (D:3)
  A hound (D:4)
  Crazy Yiuf (D:2)
  Terence (D:2)
  Natasha (thrice) (D:2)
  2 orc wizards (D:3)
  An adder (D:2)
  3 dart slugs
  5 orcs
  2 bats
  5 endoplasms
  2 giant cockroaches (D:1)
  2 goblins (D:2)
  4 hobgoblins
  2 jackals (D:1)
  3 quokkas
  2 ball pythons
  4 frilled lizards
  8 kobolds
  12 rats
  8 bushes (D:2)
73 creatures vanquished.

Vanquished Creatures (others)
  4 fungi (D:2)
  13 plants (D:2)
17 creatures vanquished.

Grand Total: 90 creatures vanquished

Notes
Turn   | Place    | Note
-------+----------+-------------------------------------------
     0 | D:1      | javelincjr the Deep Elf Conjurer began the quest for the
                  | Orb.
     0 | D:1      | Reached XP level 1. HP: 10/10 MP: 6/6
   348 | D:1      | Reached XP level 2. HP: 9/15 MP: 5/8
   461 | D:1      | Learned a level 2 spell: Searing Ray
   723 | D:1      | Reached skill level 5 in Conjurations
  1240 | D:2      | Found a runed translucent door.
  1241 | D:2      | Noticed Crazy Yiuf
  1247 | D:2      | Killed Crazy Yiuf
  1248 | D:2      | Reached XP level 3. HP: 19/19 MP: 4/9
  1564 | D:2      | Reached XP level 4. HP: 21/24 MP: 11/11
  1569 | D:2      | Gained mutation: Your flesh is heat resistant. (rF+)
                  | [potion of mutation]
  1569 | D:2      | Gained mutation: Your system is resistant to poisons.
                  | (rPois) [potion of mutation]
  1677 | D:2      | Noticed Natasha
  1681 | D:2      | Killed Natasha
  1739 | D:2      | Noticed Terence
  1747 | D:2      | Killed Terence
  2287 | D:2      | Noticed Natasha
  2301 | D:2      | Killed Natasha
  2302 | D:2      | Reached skill level 6 in Conjurations
  2302 | D:2      | Reached XP level 5. HP: 7/28 MP: 6/12
  2847 | D:2      | Noticed Natasha
  2855 | D:2      | Killed Natasha
  2972 | D:2      | Found a faded altar of an unknown god.
  3264 | D:4      | Found a large runed translucent door.
  3265 | D:4      | Found a large runed translucent door.
  3274 | D:4      | Found a radiant altar of Vehumet.
  3274 | D:4      | Noticed a black bear
  3279 | D:4      | Found a bloodstained altar of Trog.
  3388 | D:4      | Killed a black bear
  3389 | D:4      | Reached XP level 6. HP: 23/33 MP: 5/14
  3605 | D:3      | Reached skill level 1 in Staves
  3609 | D:3      | Found a basalt altar of Yredelemnul.
  3916 | D:3      | Noticed an orc warrior
  3924 | D:3      | Reached skill level 1 in Fighting
  3962 | D:3      | Demolished by an orc warrior

Illustrated notes

Levels and vault maps discovered:
D:1:      minmay_arrival_up_and_down, layout_basic, hangedman_feature_mirror
D:2:      layout_loops_corners, dreamdust_ecumenical_altar_hidden_monk_grotto,
          lexackson_kobold_supper, uniq_crazy_yiuf_cottage, uniq_terence,
          uniq_natasha
D:3:      layout_basic, lemuel_crystal_altar
D:4:      minmay_diamond_boxcup, layout_loops_corners, nicolae_ru_awakened_eye,
          jmf_multi_god_temple2

Skill      XL: |  1  2  3  4  5  6 |
---------------+-------------------+-----
Conjurations   | 5 6 |  6.6
Dodging        | 3 |  3.9
Stealth        | 3 4 |  4.3
Spellcasting   | 4 |  4.8
Staves         | 1 |  1.4
Fighting       | 1 |  1.0
Polearms       | |  0.2

Action                   |  1- 3 |  4- 6 || total
-------------------------+-------+-------++-------
Melee: Spear             |    22 |       ||    22
       Quarterstaff      |     6 |   335 ||   341
 Cast: Magic Dart        |    25 |    25 ||    50
       Searing Ray       |     2 |    15 ||    17
  Use: Scroll            |     5 |       ||     5
       Potion            |       |     4 ||     4
 Stab: Sleeping          |     2 |     3 ||     5
Armor: Robe              |     7 |     6 ||    13
Dodge: Dodged            |    23 |    42 ||    65
